Match 28856253
Unlisted

Match 28856253
End
Engineer Squad
Construct Barracks
Selects Armored Battlegroup
Selects Veteran Crews
1⁄4-ton 4x4 Truck
1⁄4-ton 4x4 Truck
Riflemen Squad
.30 cal Machine Gun
Riflemen Squad
Mechanized Support Center
Construct Motor Pool
Selects Fast Deploy
M8 Greyhound Armored Car
M8 Greyhound Armored Car
Designate Forward Repair Station
Grenade Package
Construct Medical Station
Selects M31 Recovery Vehicle
Rearm and Retrofit
Selects War Machine
M8 Greyhound Armored Car
M24 Chaffee Light Tank
M31 Recovery Vehicle
.30 cal Machine Gun
Selects Seek and Destroy
HulkSMASH
whallo14
0
0

Comments sign in to comment!

No comments posted yet!